Map: Lerilak Crest

Players

Zan - Winner!

  • Race: Terran Terran

Pseudorandom

VOD

http://www.twitch.tv/pseudorandom63/b/646849655

Description

Time

  • Played on: April 6, 2015, 11:52 p.m.
  • Length: 19:39
Show
View Real Time Build Order
Export as new Build Order

Zan Terran - Winner!

Build Orders: Mech, Siege Tank Drop 

Get SALT Encoding   

  12  0:01  SCV  
  13  0:13  SCV  
  14  0:18  Supply Depot  
  14  0:25  SCV  
  15  0:39  SCV  
  15  0:41  Barracks  
  16  0:48  Refinery  
  16  0:51  SCV  
  17  1:03  SCV  
  18  1:16  SCV  
  19  1:30  Marine, Orbital Command  
  20  1:43  Command Center  
  20  1:48  Marine  
  21  1:59  Supply Depot  
  21  2:05  Command Center  
  21  2:06  SCV  
  22  2:15  Marine  
  23  2:25  SCV  
  23  2:33  Factory  
  23  2:35  Marine  
  24  2:44  SCV  
  24  2:51  Refinery  
  24  2:53  Marine  
  25  2:59  Bunker  
  25  3:00  SCV  
  26  3:12  Marine  
  27  3:14  SCV  
  27  3:16  Widow Mine  
  27  3:17  Starport  
  27  3:18  Orbital Command  
  30  3:26  SCV  
  31  3:38  SCV  
  31  3:40  Orbital Command  
  32  3:41  Barracks Tech Lab  
  32  3:45  Widow Mine  
  34  3:50  SCV  
  34  3:55  Medivac  
  37  4:03  SCV  
  37  4:05  SCV  
  39  4:11  Refinery  
  39  4:13  Command Center  
  39  4:15  Supply Depot  
  39  4:19  Marine  
  39  4:21  SCV  
  41  4:26  SCV, Factory x2  
  42  4:35  Siege Tank  
  42  4:38  SCV  
  46  4:48  Barracks Reactor  
  46  4:49  Starport Tech Lab  
  46  4:50  SCV  
  47  4:53  Missile Turret  
  46  5:06  SCV  
  42  5:11  SCV  
  38  5:18  SCV  
  38  5:22  Cyclone  
  38  5:24  SCV  
  38  5:27  Orbital Command  
  42  5:33  Cyclone  
  45  5:38  SCV x2  
  47  5:45  Hellion x2  
  51  5:50  SCV  
  51  5:56  Cyclone  
  53  5:57  SCV x2  
  53  6:02  SCV  
  53  6:03  Refinery  
  56  6:08  Hellion x2  
  60  6:12  Cyclone  
  60  6:14  Barracks Reactor, SCV x2  
  60  6:15  SCV  
  66  6:20  Supply Depot  
  64  6:25  Supply Depot  
  64  6:26  SCV x2  
  66  6:43  Cyclone  
  66  6:45  Cyclone  
  72  6:53  SCV x2  
  73  6:54  SCV, Hellion x2  
  73  6:57  Missile Turret  
  73  7:05  SCV x2  
  73  7:06  SCV, Armory  
  76  7:10  Armory  
  76  7:11  Supply Depot  
  76  7:12  Supply Depot  
  76  7:14  Orbital Command  
  76  7:15  Infernal Pre-Igniter  
  77  7:30  SCV x2  
  81  7:37  Cyclone  
  81  7:38  Hellion x2  
  81  7:40  Refinery  
  81  7:41  Missile Turret  
  85  7:49  SCV x2  
  85  7:50  Cyclone  
  85  7:51  SCV  
  89  8:01  SCV x2  
  89  8:03  SCV  
  84  8:13  SCV  
  84  8:14  Hellion x2  
  84  8:19  Cyclone  
  84  8:21  SCV x2  
  84  8:24  Factory x2  
  84  8:25  SCV  
  84  8:26  Refinery  
  81  8:33  SCV x2  
  83  8:37  SCV  
  83  8:39  Hellion x2  
  83  8:40  Cyclone  
  91  8:45  SCV x2  
  91  8:49  SCV  
  92  8:57  SCV x2  
  92  9:01  SCV  
  95  9:06  Siege Tank  
  95  9:07  Medivac  
  95  9:08  Terran Vehicle And Ship Armor Level 1, Terran Vehicle and Ship Weapons Level 1  
  100  9:17  Supply Depot  
  100  9:18  Missile Turret  
  100  9:19  Supply Depot, Factory Reactor  
  100  9:20  Supply Depot, Factory Tech Lab  
  100  9:31  Command Center  
  100  9:33  Supply Depot x3  
  100  9:39  Hellion x3, Medivac  
  100  9:40  Medivac  
  110  9:46  SCV x2  
  112  9:56  Siege Tank  
  114  10:05  SCV x2  
  114  10:06  Siege Tank x2  
  120  10:07  Hellion x3  
  126  10:18  Medivac x2  
  128  10:30  Missile Turret  
  126  10:42  Thor x3, Hellion x4  
  137  10:54  Supply Depot  
  137  10:56  Missile Turret  
  137  10:59  Missile Turret  
  137  11:03  Supply Depot  
  137  11:06  Hellion x4  
  145  11:15  Medivac  
  145  11:16  Medivac  
  145  11:18  Supply Depot x2  
  148  11:39  Cyclone x2, Refinery  
  154  11:41  Cyclone  
  154  11:42  Refinery  
  154  11:43  SCV  
  154  11:44  Missile Turret  
  157  11:59  Hellion x3  
  165  12:05  Engineering Bay  
  163  12:11  Siege Tank  
  166  12:16  Siege Tank x2  
  167  12:30  Hellion x4  
  167  12:45  Siege Tank  
  167  12:48  Siege Tank  
  167  12:49  Siege Tank  
  174  13:27  Siege Tank x3  
  180  13:47  Starport  
  180  13:57  Planetary Fortress  
  180  13:59  Missile Turret  
  180  14:00  Refinery  
  168  14:11  Thor, Siege Tank x2  
  168  14:16  Refinery  
  168  14:17  Command Center, Hellion  
  180  14:18  Terran Vehicle and Ship Weapons Level 2  
  180  14:34  Starport Tech Lab  
  180  14:36  Hellion x2  
  184  14:40  SCV x3  
  187  14:53  Supply Depot  
  187  14:54  Terran Vehicle And Ship Armor Level 2  
  187  14:55  Raven  
  189  15:01  Hellion  
  189  15:02  Hellion  
  193  15:12  Viking  
  195  15:14  Viking  
  197  15:46  Factory  
  197  15:47  Factory  
  195  15:50  Sensor Tower  
  195  16:07  Missile Turret  
  195  16:10  Refinery  
  195  16:11  Refinery  
  168  16:31  Siege Tank x3  
  168  16:32  Hellion  
  168  16:33  Hellion x3  
  168  16:34  Planetary Fortress  
  169  16:47  SCV x3  
  168  16:55  Viking x2  
  168  16:56  Viking  
  168  16:59  SCV x3  
  174  17:11  SCV x3  
  177  17:23  SCV x2  
  177  17:26  Thor  
  177  17:27  Thor x2  
  177  17:28  Hellbat  
  199  17:34  Banshee  
  199  17:37  Factory Tech Lab x2  
  199  17:43  Sensor Tower  
  193  18:17  Siege Tank x2  
  193  18:18  Siege Tank  
  197  18:21  Banshee  
  194  18:27  Command Center  
  185  18:56  Hellion  
  185  18:57  Hellion x3  
Show
View Real Time Build Order
Export as new Build Order

Pseudorandom Zerg 

Build Orders: Pool First, Lurkers 

Get SALT Encoding   

  12  0:00  Drone  
  13  0:16  Drone  
  14  0:25  Spawning Pool  
  13  0:29  Drone  
  14  0:37  Overlord  
  14  0:46  Extractor  
  14  0:48  Drone  
  15  1:03  Drone  
  16  1:12  Zergling x4  
  16  1:14  Zergling x2  
  16  1:15  Queen  
  21  1:31  Hatchery  
  20  1:33  Drone  
  20  1:36  Extractor  
  20  1:43  Overlord  
  20  1:48  Drone  
  21  2:03  Drone  
  22  2:09  Drone  
  22  2:25  Drone x4  
  22  2:27  Drone  
  26  2:36  Pneumatized Carapace  
  26  2:37  Overlord  
  26  2:50  Hatchery  
  25  2:52  Drone  
  25  3:08  Queen  
  25  3:11  Drone x2  
  29  3:14  Metabolic Boost  
  29  3:35  Drone x4  
  29  3:36  Drone x3  
  29  3:41  Drone x4  
  40  3:52  Overlord  
  40  3:53  Extractor  
  40  3:55  Lair, Extractor  
  38  4:03  Overlord  
  38  4:04  Zergling x4  
  38  4:05  Zergling x2  
  38  4:07  Zergling x2  
  42  4:10  Drone  
  43  4:20  Extractor  
  43  4:21  Drone x6  
  48  4:27  Drone  
  48  4:30  Drone x2  
  51  4:39  Drone x2  
  52  4:55  Drone x2  
  52  4:56  Overlord  
  52  4:58  Spire  
  45  5:07  Drone x2  
  41  5:15  Spore Crawler  
  41  5:19  Drone x5  
  46  5:27  Drone x4  
  50  5:34  Queen  
  51  5:48  Drone x5  
  56  5:55  Spore Crawler  
  55  6:03  Drone  
  56  6:09  Mutalisk x5  
  66  6:18  Overlord x2  
  66  6:25  Overlord, Hydralisk Den, Zergling x2  
  62  6:41  Lurker Den  
  62  6:44  Drone  
  62  6:45  Drone x3  
  66  6:51  Drone x2  
  66  6:56  Drone x3  
  66  6:57  Drone x4  
  66  7:01  Zergling x12  
  75  7:12  Zergling x4  
  75  7:14  Hatchery  
  76  7:17  Zergling x2  
  76  7:18  Zergling x10  
  82  7:26  Overlord  
  82  7:27  Evolution Chamber  
  82  7:28  Evolution Chamber  
  80  7:30  Zergling x4  
  81  7:38  Zergling x6  
  75  7:46  Zergling x10  
  75  7:49  Zergling x8  
  79  7:52  Zergling x2  
  80  8:00  Hydralisk x5  
  74  8:16  Mutalisk  
  74  8:17  Mutalisk  
  78  8:20  Hydralisk  
  78  8:23  Drone x5  
  78  8:24  Drone x6  
  78  8:26  Lurker x3  
  96  8:27  Lurker x2  
  96  8:36  Drone x2  
  98  8:41  Overlord x2  
  98  8:47  Lurker  
  89  9:04  Zergling x2  
  89  9:05  Zergling x20  
  100  9:10  Infestation Pit  
  100  9:11  Zerg Ground Armor Level 1, Zerg Melee Weapons Level 1  
  100  9:15  Queen  
  101  9:29  Hydralisk x7  
  115  9:57  Lurker x5  
  110  10:03  Zergling x2  
  110  10:04  Zergling x30  
  113  10:10  Lurker  
  108  10:16  Zergling x6  
  108  10:19  Extractor x2  
  109  10:21  Spine Crawler  
  109  10:22  Hive, Spine Crawler  
  109  10:25  Zergling x10  
  110  10:38  Hatchery  
  105  10:45  Hydralisk x2  
  105  10:48  Drone x4  
  113  10:54  Overlord  
  113  10:55  Overlord  
  113  11:15  Overlord  
  113  11:16  Overlord, Zerg Ground Armor Level 2, Zerg Melee Weapons Level 2  
  113  11:23  Drone x2  
  115  11:36  Lurker x2  
  117  11:40  Adrenal Glands  
  117  11:45  Seismic Spines  
  117  11:46  Drone x8  
  117  11:47  Drone x3  
  127  11:54  Drone  
  126  11:56  Extractor  
  126  11:58  Extractor  
  120  12:11  Spine Crawler  
  119  12:26  Mutalisk x7  
  121  12:49  Mutalisk  
  121  12:50  Mutalisk x4  
  129  12:52  Zergling x14  
  125  13:14  Mutalisk  
  125  13:15  Mutalisk x2  
  130  13:26  Zergling x18  
  128  13:47  Hatchery  
  96  14:08  Zergling x18  
  100  14:15  Hatchery  
  99  14:23  Zergling x6  
  102  14:27  Ultralisk Cavern  
  101  14:32  Viper  
  101  14:33  Viper x2  
  110  14:39  Zerg Melee Weapons Level 3  
  110  14:41  Zergling x6  
  113  14:56  Drone x3  
  113  14:58  Hatchery, Viper  
  118  15:09  Hydralisk x3  
  124  15:17  Chitinous Plating  
  124  15:26  Overlord  
  124  15:27  Zergling x10  
  129  15:32  Extractor  
  128  15:37  Lurker x2  
  128  15:38  Lurker  
  131  15:45  Spine Crawler  
  131  15:47  Spine Crawler  
  129  15:58  Drone  
  129  15:59  Drone x2  
  129  16:01  Extractor  
  129  16:02  Extractor  
  82  16:35  Ultralisk x2  
  82  16:37  Zergling x6  
  82  16:38  Zergling x18  
  118  16:55  Zergling x8  
  107  17:14  Ultralisk x2  
  125  17:16  Zergling x8  
  130  17:27  Zergling x2  
  130  17:28  Zergling x8  
  127  17:51  Ultralisk x2  
  133  18:18  Ultralisk x2  
  135  18:21  Ultralisk  
  135  18:25  Zergling x2  
  135  18:26  Zergling x10  
  147  18:31  Hatchery  
  146  18:39  Ultralisk  
  146  18:40  Zergling x6  
  155  18:41  Zergling x2  
  155  18:42  Zergling x6  
  155  18:44  Overlord  
  142  19:01  Nydus Network  
  141  19:11  Zergling x2  
  141  19:12  Zergling x22  
Tags
 
Add a new tag
Caveats
  • Supply blocks, unpowered buildings, or Contaminate may cause inaccurate times.
  • Supply counts are checked every 10 seconds.